 Dungeon Crawl Stone Soup version 0.21-a0-509-gecc5317 (webtiles) character file.

118652 hairmachine the Bludgeoner (level 16, -2/179 HPs)
             Began as a Naga Monk on Nov 26, 2017.
             Was the Champion of Nemelex Xobeh.
             Slain by a tyrant leech (26 damage)
             ... on level 4 of the Swamp on Nov 29, 2017.
             The game lasted 04:14:14 (48749 turns).

hairmachine the Bludgeoner (Naga Monk)             Turns: 48749, Time: 04:14:15

Health: -2/179     AC: 18    Str: 16    XL:     16   Next: 77%
Magic:  22/22      EV: 13    Int: 17    God:    Nemelex Xobeh [******]
Gold:   2058       SH: 18    Dex: 15    Spells: 8/23 levels left

rFire    + . .     SeeInvis +   Y - +7 eveningstar (protect)
rCold    . . .     Gourm    .   H - +2 shield
rNeg     + . .     Faith    .   X - +3 leather armour {rN+}
rPois    +         Spirit   .   O - +1 hat
rElec    .         Reflect  +   J - scarf {cloud immunity}
rCorr    .         Harm     .   Q - +0 pair of gloves
MR       ++...                  (no barding)
Stlth    ++++......             Z - +5 amulet of reflection
HPRegen  0.39/turn              f - ring of protection from fire
MPRegen  0.18/turn              q - +3 ring of intelligence

@: protection aura, studying Crossbows, very slow
A: large, horns 1, see invisible, deformed body, mutation resistance 1, poison
resistance, robust 1, slowness 2, slow metabolism 1, spit poison 1, constrict 1,
AC +5
a: Spit Poison, Triple Draw, Deal Four, Stack Five, Renounce Religion


You were on level 4 of the Swamp.
You worshipped Nemelex Xobeh.
Nemelex Xobeh was exalted by your worship.
You were not hungry.

You visited 5 branches of the dungeon, and saw 28 of its levels.
You also visited: Labyrinth.

You collected 2465 gold pieces.
You spent 407 gold pieces at shops.

Inventory:

Hand Weapons
 Y - a +7 eveningstar of protection (weapon)
Missiles
 T - 2 silver javelins (quivered)
Armour
 H - a +2 shield (worn)
 J - a scarf of cloud immunity (worn)
 O - a +1 hat (worn)
 Q - a +0 pair of gloves (worn)
 X - a +3 leather armour of positive energy (worn)
Jewellery
 f - a ring of protection from fire (left hand)
 m - an uncursed amulet of regeneration
 q - a +3 ring of intelligence (right hand)
 A - an uncursed ring of resist corrosion
 Z - a +5 amulet of reflection (around neck)
Wands
 i - a wand of flame (45)
 t - a wand of iceblast (11)
 y - a wand of digging (9)
 B - a wand of acid (25)
Scrolls
 l - 5 scrolls of remove curse
 p - 9 scrolls of enchant armour
 s - 13 scrolls of teleportation
 E - a scroll of magic mapping
 F - 3 scrolls of amnesia
 I - 10 scrolls of identify
Potions
 b - 3 potions of mutation
 d - a potion of magic
 n - 7 potions of curing
 o - 3 potions of haste
 z - 3 potions of ambrosia
 G - 4 potions of cancellation
 N - 3 potions of flight
 R - a potion of agility
 S - a potion of might
 U - a potion of invisibility
 W - 3 potions of brilliance
Books
 k - a book of Enchantments

   Spells                             Type                      Level
   a - Cause Fear                     Hexes                        4
   b - Yara's Violent Unravelling     Hexes/Transmutation          5
   c - Silence                        Hexes/Air                    5
   d - Deflect Missiles               Charms/Air                   6
   e - Discord                        Hexes                        8
 r - a manual of Crossbows
 w - a book of the Earth

   Spells                             Type                      Level
   a - Leda's Liquefaction            Hexes/Earth                  4
   b - Bolt of Magma                  Conjuration/Fire/Earth       5
   c - Statue Form                    Transmutation/Earth          6
   d - Iron Shot                      Conjuration/Earth            6
   e - Shatter                        Earth                        9
 L - a book of Beasts

   Spells                             Type                      Level
   a - Summon Butterflies             Summoning                    1
   b - Call Canine Familiar           Summoning                    3
   c - Summon Ice Beast               Ice/Summoning                4
   d - Summon Mana Viper              Hexes/Summoning              5
   e - Summon Hydra                   Summoning                    7
Miscellaneous
 a - a legendary deck of escape
 e - an ornate deck of destruction {drawn: 2}
 g - a lamp of fire
 h - a legendary deck of destruction {drawn: 6}
 j - an ornate deck of summoning {drawn: 3}
 u - a legendary deck of destruction
 v - a legendary deck of escape
 D - an ornate deck of destruction
 K - a plain deck of summoning
 M - a legendary deck of escape
 P - an ornate deck of summoning
 V - a legendary deck of destruction {drawn: 1}
Comestibles
 c - 12 bread rations
 x - 16 meat rations
 C - 15 royal jellies


   Skills:
 + Level 15.0 Fighting
 + Level 15.5 Maces & Flails
 - Level 6.0 Dodging
 - Level 8.0 Stealth
 - Level 9.0 Shields
 - Level 4.0 Spellcasting
 - Level 6.0 Hexes
 - Level 12.0 Summonings
 - Level 2.6 Translocations
 - Level 4.0 Ice Magic
 - Level 4.0 Invocations


You had 8 spell levels left.
You knew the following spells:

 Your Spells              Type           Power        Failure   Level  Hunger
a - Summon Butterflies    Summ           #####...     1%          1    None
b - Confusing Touch       Hex            ###...       1%          1    None
c - Call Canine Familiar  Summ           #####...     1%          3    ###....
d - Summon Ice Beast      Ice/Summ       ####....     7%          4    ####...
e - Apportation           Tloc           ##....       7%          1    None
f - Summon Mana Viper     Hex/Summ       ####....     13%         5    ######.


Dungeon Overview and Level Annotations

Branches:
Dungeon (15/15)            Temple (1/1) D:5            Lair (6/6) D:8
  Swamp (4/4) Lair:3        Snake (0/4) Lair:4        Slime (0/5) Lair:5
    Orc (2/2) D:12            Elf (0/3) Orc:2        Vaults (0/5) D:14
 Depths (0/5) D:15

Altars:
Ashenzari
Cheibriados
Dithmenos
Elyvilon
Fedhas
Gozag
Hepliaklqana
Kikubaaqudgha
Makhleb
Nemelex Xobeh
Okawaru
Qazlal
Ru
Sif Muna
Trog
Uskayaw
Vehumet
Wu Jian
Xom
Yredelemnul
Zin
The Shining One
Jiyva

Shops:
D:13 (   D:15 ?   Orc:2 (?%*

Annotations:
D:2 Jessica
D:3 exclusion: downstairs
D:4 exclusion: downstairs
D:5 exclusion: downstairs
D:6 Celandrion's ghost, novice DsAs
D:7 exclusion: troll
D:11 exclusion: downstairs
Lair:5 exclusion: 2 downstairs
Lair:6 exclusions: deep troll shaman and dire elephant
Swamp:2 exclusion: Roxanne, Roxanne
Swamp:3 Bai Suzhen


Innate Abilities, Weirdness & Mutations

You cannot wear boots.
Your serpentine skin is tough. (AC +5)
You have supernaturally acute eyesight. (SInv)
Armour fits poorly on your strangely shaped body.
Your system is resistant to poisons. (rPois)
You cover ground very slowly.
You have a slow metabolism.
You can spit poison.
You can use your snake-like lower body to constrict enemies.
You have a pair of small horns on your head.
You are somewhat resistant to further mutation.
You are robust. (+10% HP)


Message History

You closely miss the tyrant leech. You grab the tyrant leech.
You constrict the tyrant leech. The tyrant leech closely misses you.
You sock the bog body!
You destroy the bog body!
You constrict the tyrant leech. You hit the tyrant leech.
The tyrant leech is lightly wounded.
You constrict the tyrant leech. You block the tyrant leech's attack.
You puncture the tyrant leech!
The tyrant leech is moderately wounded.
You constrict the tyrant leech. You block the tyrant leech's attack.
You hit the tyrant leech.
You headbutt the tyrant leech, but do no damage.
The tyrant leech is moderately wounded.
You constrict the tyrant leech. You barely miss the tyrant leech.
The tyrant leech is heavily wounded.
You constrict the tyrant leech. The tyrant leech bites you!!
You die...
Your body glows with a rainbow of weird colours and disappears.

♣♣♣♣ ♣♣♣♣ ♣♣♣♣♣ ♣♣..♣♣ ♣♣≈♣♣
.≈≈≈≈♣ ♣≈≈≈.♣♣♣♣♣≈≈≈. .≈≈...♣
♣♣♣.≈≈≈.♣≈.≈.≈.♣ ≈≈≈§..≈
♣♣≈♣≈≈≈...♣≈/♣♣♣♣ ≈≈≈....
♣♣.≈..§≈≈≈≈.♣♣♣
≈.§≈≈≈.♣♣♣♣♣≈≈≈≈....≈≈.≈≈♣♣
≈.≈≈≈≈≈.§≈♣♣@≈≈≈≈...≈≈≈..≈♣
...≈≈..≈..♣♣w≈≈.≈≈..≈≈≈≈≈≈♣
.≈≈≈.≈.≈≈†.≈.≈≈≈≈≈≈÷[÷<≈≈§♣
≈≈≈≈.♣.≈≈≈≈≈....♣.≈≈≈≈≈...♣♣
♣≈≈≈...≈≈≈≈≈≈♣♣♣♣♣.§≈≈≈≈..≈♣♣
♣..♣♣..≈≈≈≈≈≈.♣ ♣♣♣♣♣♣...≈≈.
≈.....≈≈≈.≈.≈≈♣ ♣≈≈≈÷≈≈≈.
≈n≈≈.≈≈≈≈≈≈.≈.≈♣ ♣≈♣♣.≈≈..
≈≈≈.≈≈≈...♣.≈.♣ ♣♣♣♣♣♣♣♣♣


You could see a tyrant leech.

Vanquished Creatures
  Rupert (D:15)
  A very ugly thing (Swamp:4)
  Nessos (D:13)
  Azrael (D:15)
  Josephine (D:13)
  Fannar (D:10)
  A vault guard (D:14)
  11 hydras
  14 alligators
  A catoblepas (Lair:6)
  3 centaur warriors
  2 death yaks (Lair:6)
  3 two-headed ogres
  Urug (D:14)
  3 orc high priests (Orc:2)
  5 spriggans
  10 skeletal warriors
  A deep troll (Swamp:3)
  3 swamp dragons
  A flayed ghost (D:14)
  3 spriggan druids
  2 unseen horrors
  A wizard (D:14)
  3 cyclopes
  3 shambling mangroves (Swamp:3)
  A wolf spider (D:15)
  4 orc sorcerers
  16 ugly things
  A salamander (D:15)
  A black mamba (Lair:6)
  An eye of devastation (Swamp:3)
  2 elephants (Lair:6)
  13 spiny frogs
  A gargoyle (D:11)
  3 komodo dragons
  4 rime drakes
  A yaktaur (D:14)
  A freezing wraith (D:14)
  A queen bee (Lair:4)
  6 trolls
  6 tyrant leeches
  A meliai (Lair:4)
  7 hornets
  A polar bear (Lair:6)
  6 slime creatures
  5 blink frogs
  9 bog bodies
  9 hippogriffs
  4 basilisks
  5 shadows
  9 wraiths
  22 yaks
  14 fire bats (D:14)
  9 wyverns
  17 humans (D:14)
  Grum (D:11)
  3 fire elementals (D:15)
  A vampire (D:14)
  2 hungry ghosts
  15 vampire mosquitoes
  Edmund (D:5)
  5 wargs
  19 insubstantial wisps
  18 swamp worms
  8 water moccasins
  2 hell hounds
  9 porcupines
  11 swamp drakes
  2 ice beasts
  A black bear (Lair:6)
  3 sky beasts
  A necrophage (D:8)
  14 orc warriors
  A phantom (D:12)
  4 ogres
  17 wolves
  18 centaurs
  11 crocodiles
  2 big kobolds
  17 bullfrogs
  A wyvern skeleton (D:7)
  2 scorpions
  28 killer bees
  3 wights (D:8)
  4 electric eels
  A howler monkey (D:10)
  3 crimson imps
  2 bullfrog zombies
  4 centaur skeletons
  3 centaur zombies
  7 hounds
  A quasit (D:9)
  21 orc priests
  2 bullfrog skeletons
  4 jellies
  21 orc wizards
  6 iguanas
  6 worker ants
  A hound zombie (D:10)
  A hound skeleton (D:6)
  8 adders
  4 gnolls (D:4)
  4 shadow imps
  2 oozes
  3 worms (D:2)
  2 dart slugs
  5 leopard geckos
  70 orcs
  2 ball pythons
  5 giant cockroaches
  15 hobgoblins
  4 jackals
  14 kobolds
  3 quokkas
  76 bats
  6 frilled lizards
  14 goblins
  A leopard gecko zombie (D:5)
  A quokka skeleton (D:4)
  4 rats
  2 fungi
  A plant (Lair:6)
810 creatures vanquished.

Vanquished Creatures (collateral kills)
  Gastronok (D:11)
  An orc warlord (Orc:2)
  Snorg (D:10)
  A minotaur (Lab)
  A hydra (Swamp:1)
  A catoblepas (Lair:6)
  2 orc high priests (Orc:2)
  4 death yaks (Lair:6)
  A deep elf knight (D:14)
  A wolf spider zombie (D:13)
  2 orc sorcerers (Orc:2)
  2 ugly things
  2 elephants (Lair:6)
  A black mamba (Lair:2)
  2 spiny frogs
  4 komodo dragons
  2 rime drakes
  A queen bee (Lair:3)
  2 meliai (Lair:4)
  2 bog bodies
  4 hornets
  2 blink frogs
  A hippogriff (D:12)
  3 spriggans (Swamp:1)
  2 humans (D:14)
  A basilisk (Lair:2)
  A fire bat (D:14)
  3 yaks
  A hungry ghost (D:14)
  2 water moccasins
  A swamp worm (Swamp:4)
  An acid dragon (D:7)
  3 orc warriors (Orc:2)
  9 ice beasts
  A sky beast (D:6)
  A wolf (Lair:5)
  An ogre (Orc:2)
  A scorpion (D:7)
  23 killer bees
  2 jellies
  A hound (D:6)
  7 orc priests
  8 orc wizards
  A killer bee zombie (D:5)
  A worker ant zombie (D:6)
  9 orcs
  A quokka (D:10)
  A bat (D:14)
  A fungus (Lair:6)
  A plant (Lair:6)
128 creatures vanquished.

Vanquished Creatures (others)
  A necromancer (D:14)
  A human (D:14)
  A water elemental (D:14)
  A porcupine (Lair:5)
  An ice beast (D:14)
  A crocodile (Lair:6)
  An electric eel (D:14)
  A ball python (D:14)
  A bat (D:14)
  2 fungi (Lair:6)
  19 plants
30 creatures vanquished.

Grand Total: 968 creatures vanquished

Notes
Turn   | Place    | Note
-------+----------+-------------------------------------------
     0 | D:1      | hairmachine the Naga Monk began the quest for the Orb.
     0 | D:1      | Reached XP level 1. HP: 21/21 MP: 1/1
   137 | D:1      | Reached XP level 2. HP: 27/28 MP: 2/2
   946 | D:1      | Reached XP level 3. HP: 34/34 MP: 3/3
  1742 | D:2      | Reached XP level 4. HP: 37/42 MP: 4/4
  1958 | D:2      | Noticed Jessica
  2493 | D:3      | Reached skill level 5 in Maces & Flails
  3171 | D:2      | Reached XP level 5. HP: 34/49 MP: 5/5
  3508 | D:4      | Noticed an ogre
  4167 | D:4      | Killed an ogre
  4167 | D:4      | Reached XP level 6. HP: 56/56 MP: 6/6
  4850 | D:4      | Reached XP level 7. HP: 39/62 MP: 7/7
  5309 | D:5      | Entered Level 5 of the Dungeon
  5309 | D:5      | Found a staircase to the Ecumenical Temple.
  6314 | D:5      | Identified Riefraet's Casting, Part One
  6341 | Temple   | Entered the Ecumenical Temple
  6499 | Temple   | Became a worshipper of Nemelex Xobeh the Trickster
  6499 | Temple   | Received a gift from Nemelex Xobeh
  6499 | Temple   | Reached * piety under Nemelex Xobeh
  6499 | Temple   | Received a gift from Nemelex Xobeh
  6499 | Temple   | Received a gift from Nemelex Xobeh
  6499 | Temple   | Reached ** piety under Nemelex Xobeh
  6748 | D:5      | Reached XP level 8. HP: 41/73 MP: 8/8
  6996 | D:5      | Noticed Edmund
  7029 | D:5      | Killed Edmund
  7321 | D:5      | Reached skill level 5 in Fighting
  7484 | D:6      | Received a gift from Nemelex Xobeh
  8008 | D:6      | Noticed Celandrion's ghost (novice DsAs)
  8046 | D:6      | Received a gift from Nemelex Xobeh
  8401 | D:7      | Learned a level 1 spell: Summon Butterflies
  8403 | D:7      | Learned a level 1 spell: Confusing Touch
  8626 | D:7      | Reached skill level 1 in Hexes
  8897 | D:7      | Noticed a hippogriff
  8915 | D:7      | Killed a hippogriff
  8915 | D:7      | Reached skill level 10 in Maces & Flails
  8915 | D:7      | Reached skill level 1 in Summonings
  8915 | D:7      | Reached XP level 9. HP: 47/82 MP: 9/9
  9116 | D:7      | Reached *** piety under Nemelex Xobeh
  9161 | D:7      | Noticed a troll
  9535 | D:8      | Received a gift from Nemelex Xobeh
  9743 | D:8      | Found a staircase to the Lair.
  9854 | D:8      | Found a deep blue altar of Sif Muna.
  9908 | D:8      | Reached skill level 1 in Invocations
 10248 | D:8      | Received a gift from Nemelex Xobeh
 10574 | Lair:1   | Entered Level 1 of the Lair of Beasts
 10617 | Lair:1   | Received a gift from Nemelex Xobeh
 10872 | Lair:1   | Reached **** piety under Nemelex Xobeh
 10953 | Lair:1   | Noticed a komodo dragon
 10961 | Lair:1   | Killed a komodo dragon
 11336 | Lair:1   | Gained mutation: You are somewhat resistant to further mutation. [potion of mutation]
 11336 | Lair:1   | Gained mutation: You are robust. (+10% HP) [potion of mutation]
 11336 | Lair:1   | Gained mutation: You have a pair of small horns on your head. [potion of mutation]
 11366 | Lair:1   | Noticed a komodo dragon
 11383 | Lair:1   | Reached XP level 10. HP: 74/101 MP: 12/12
 11423 | Lair:1   | HP: 4/103 [yak (9)]
 12041 | Lair:1   | Reached skill level 1 in Shields
 12584 | Lair:1   | Noticed a spiny frog
 12594 | Lair:1   | Killed a spiny frog
 13775 | Lair:2   | Received a gift from Nemelex Xobeh
 13824 | Lair:2   | Reached XP level 11. HP: 88/113 MP: 14/14
 13922 | Lair:2   | You fall through a shaft!
 14741 | Lair:2   | Found a radiant altar of Vehumet.
 15465 | Lair:3   | Received a gift from Nemelex Xobeh
 15863 | Lair:4   | Reached ***** piety under Nemelex Xobeh
 15863 | Lair:4   | Received a gift from Nemelex Xobeh
 16076 | Lair:4   | Found a labyrinth entrance.
 16085 | Lab      | Entered a labyrinth
 16187 | Lab      | Received a gift from Nemelex Xobeh
 16309 | Lab      | Noticed a minotaur
 16310 | Lab      | Found the +10 zealot's sword {holy, *Rage rN+ EV+3}
 16313 | Lab      | Killed a minotaur
 16586 | Lair:4   | Found a staircase to the Snake Pit.
 16793 | Lair:4   | Received a gift from Nemelex Xobeh
 17296 | Lair:4   | Learned a level 3 spell: Call Canine Familiar
 18112 | Lair:5   | Reached skill level 5 in Stealth
 18224 | Lair:5   | Got a slimy robe
 18250 | Lair:5   | Identified the +2 robe of the Illusory Planets {Int+4} (You found it on level 5 of the Lair of Beasts)
 18456 | Lair:5   | Received a gift from Nemelex Xobeh
 18648 | Lair:5   | Found a viscous altar of Jiyva.
 18649 | Lair:5   | Found a staircase to the Slime Pits.
 19188 | Lair:5   | Reached XP level 12. HP: 85/125 MP: 15/15
 19887 | Lair:5   | Received a gift from Nemelex Xobeh
 20644 | Lair:5   | Reached skill level 5 in Dodging
 20809 | Lair:6   | Entered Level 6 of the Lair of Beasts
 20839 | Lair:6   | Noticed a death yak
 20841 | Lair:6   | Noticed a death yak
 20841 | Lair:6   | Noticed a death yak
 20842 | Lair:6   | Noticed a death yak
 20847 | Lair:6   | Killed a death yak
 20851 | Lair:6   | Killed a death yak
 20858 | Lair:6   | Killed a death yak
 22055 | Lair:6   | Received a gift from Nemelex Xobeh
 22083 | Lair:6   | Noticed a catoblepas
 22083 | Lair:6   | a death yak changed into a catoblepas
 22093 | Lair:6   | Killed a catoblepas
 22093 | Lair:6   | Reached skill level 5 in Summonings
 22361 | Lair:6   | Reached ****** piety under Nemelex Xobeh
 22521 | Lair:6   | Reached skill level 10 in Fighting
 22698 | Lair:6   | Noticed a death yak
 23189 | Lair:6   | Noticed a death yak
 23194 | Lair:6   | Killed a death yak
 23198 | Lair:6   | Killed a death yak
 23201 | Lair:6   | Noticed a catoblepas
 23214 | Lair:6   | Killed a catoblepas
 23280 | Lair:6   | Noticed a death yak
 23295 | Lair:6   | Killed a death yak
 23417 | Lair:6   | Noticed a deep troll shaman
 23417 | Lair:6   | Noticed a dire elephant
 23635 | Lair:6   | Received a gift from Nemelex Xobeh
 24460 | Lair:3   | Gained mutation: You can use your snake-like lower body to constrict enemies. [Naga growth]
 24460 | Lair:3   | Reached XP level 13. HP: 104/138 MP: 16/16
 25635 | Lair:3   | Found a staircase to the Swamp.
 25884 | D:9      | Learned a level 4 spell: Summon Ice Beast
 26149 | D:9      | Learned a level 1 spell: Apportation
 26186 | D:9      | Found a shattered altar of Ashenzari.
 26281 | D:9      | Got a dazzling quarterstaff
 26288 | D:9      | Identified the +3 quarterstaff "Veit" {drain, rF+ rC+ Int-3} (You found it on level 9 of the Dungeon)
 26316 | D:9      | Received a gift from Nemelex Xobeh
 26665 | D:9      | You fall through a shaft!
 26665 | D:10     | Entered Level 10 of the Dungeon
 26680 | D:10     | Reached skill level 1 in Ice Magic
 27149 | D:10     | Noticed Fannar
 27233 | D:10     | Killed Fannar
 27407 | D:10     | Noticed Snorg
 27425 | D:10     | Killed Snorg
 27533 | D:10     | Received a gift from Nemelex Xobeh
 28521 | D:11     | Noticed Gastronok
 28575 | D:11     | Killed Gastronok
 29006 | D:11     | Noticed Grum
 29022 | D:11     | Killed Grum
 29702 | D:12     | Received a gift from Nemelex Xobeh
 30728 | D:12     | Received a gift from Nemelex Xobeh
 30842 | D:12     | Found a staircase to the Orcish Mines.
 30922 | Orc:1    | Entered Level 1 of the Orcish Mines
 30940 | D:12     | Reached XP level 14. HP: 132/152 MP: 17/17
 31218 | D:12     | Reached skill level 10 in Summonings
 31426 | Orc:1    | Upgraded the game from 0.21-a0-504-g2eda330 to 0.21-a0-508-gf08a75f
 31656 | Orc:2    | Entered Level 2 of the Orcish Mines
 31656 | Orc:2    | Found a staircase to the Elven Halls.
 31776 | Orc:2    | Noticed an orc warlord
 31793 | Orc:1    | Reached skill level 1 in Translocations
 32161 | Orc:2    | Killed an orc warlord
 32424 | Orc:2    | Received a gift from Nemelex Xobeh
 33363 | Orc:2    | Upgraded the game from 0.21-a0-508-gf08a75f to 0.21-a0-509-gecc5317
 33708 | Orc:2    | Found Bohuefi's Magic Scroll Boutique.
 33708 | Orc:2    | Found Wuqoos's General Store.
 33709 | Orc:2    | Found Meuvoubi's Food Shop.
 33712 | Orc:2    | Found Exatusch's Weapon Boutique.
 33757 | Orc:2    | Bought a scroll of teleportation for 48 gold pieces
 33757 | Orc:2    | Bought a potion of curing for 48 gold pieces
 33760 | Orc:2    | Bought a scroll of teleportation for 30 gold pieces
 33760 | Orc:2    | Bought a scroll of fear for 35 gold pieces
 33760 | Orc:2    | Bought a scroll of magic mapping for 35 gold pieces
 33760 | Orc:2    | Bought a scroll of blinking for 75 gold pieces
 34431 | Orc:1    | Paralysed by an orc sorcerer for 3 turns
 35232 | D:13     | Noticed Nessos
 35256 | D:13     | Killed Nessos
 35436 | D:13     | Received a gift from Nemelex Xobeh
 36012 | D:13     | Received a gift from Nemelex Xobeh
 36064 | D:13     | Noticed Josephine
 36072 | D:13     | Killed Josephine
 36683 | D:13     | Found Onworrai's Weapon Emporium.
 36916 | D:13     | Reached skill level 5 in Shields
 37581 | D:14     | Noticed Urug
 37599 | D:14     | Killed Urug
 37734 | D:14     | Received a gift from Nemelex Xobeh
 38407 | D:14     | Reached XP level 15. HP: 161/162 MP: 18/18
 38462 | D:14     | Paralysed by a wizard for 3 turns
 38810 | D:14     | Received a gift from Nemelex Xobeh
 38812 | D:14     | Found a gate to the Vaults.
 38861 | D:14     | Found a glowing silver altar of Zin.
 38965 | D:14     | Found a runed door.
 38995 | D:14     | Identified Ycum's Papyrus of Icy Intoxication
 39144 | D:14     | Found an ornate altar of the Wu Jian Council.
 39180 | D:14     | Found a snail-covered altar of Cheibriados.
 39185 | D:14     | Found a shimmering altar of Xom.
 39211 | D:14     | Found a bloodstained altar of Trog.
 39248 | D:14     | Found a burning altar of Makhleb.
 39857 | D:15     | Entered Level 15 of the Dungeon
 39896 | D:15     | Received a gift from Nemelex Xobeh
 40162 | D:15     | Found Ciwaivuja's Magic Scroll Shoppe.
 40175 | D:15     | Bought a scroll of teleportation for 39 gold pieces
 40175 | D:15     | Bought a scroll of enchant armour for 97 gold pieces
 40224 | D:15     | Noticed Rupert
 40235 | D:15     | Killed Rupert
 40280 | D:15     | Received a gift from Nemelex Xobeh
 40671 | D:15     | Found a staircase to the Depths.
 40713 | D:15     | Noticed an azure jelly
 40713 | D:15     | a dire elephant changed into an azure jelly
 40728 | D:15     | HP: 4/166 [azure jelly (12)]
 41231 | D:15     | Noticed Azrael
 41236 | D:15     | Killed Azrael
 41691 | Swamp:1  | Entered Level 1 of the Swamp
 41691 | Swamp:1  | Received a gift from Nemelex Xobeh
 42580 | Swamp:1  | Reached skill level 1 in Spellcasting
 42666 | Swamp:1  | Received a gift from Nemelex Xobeh
 43398 | Swamp:1  | Reached XP level 16. HP: 41/174 MP: 16/19
 43735 | Swamp:1  | Received a gift from Nemelex Xobeh
 43746 | Swamp:1  | Learned a level 5 spell: Summon Mana Viper
 44392 | Swamp:2  | Noticed Roxanne
 44765 | Swamp:2  | Received a gift from Nemelex Xobeh
 45174 | Swamp:3  | Noticed Bai Suzhen
 45353 | Swamp:2  | Reached skill level 15 in Maces & Flails
 46329 | Swamp:3  | Received a gift from Nemelex Xobeh
 47469 | Swamp:4  | Entered Level 4 of the Swamp
 47474 | Swamp:4  | Reached skill level 5 in Hexes
 48030 | Swamp:4  | Received a gift from Nemelex Xobeh
 48665 | Swamp:4  | Reached skill level 15 in Fighting
 48749 | Swamp:4  | Slain by a tyrant leech

Vault maps used:
D:1:      dpeg_arrival_line_fractal
D:2:      cheibrodos_greedy_goblins, serial_park_tiny_2, uniq_jessica
D:5:      minmay_temple_entry_crystal_x, first_bread, uniq_edmund
D:7:      grunt_livestock
D:8:      nicolae_overflow_crystal_walls, dpeg_oklobed_lair
D:9:      dk_noncrumbling_4, nicolae_ashenzari_panopticon
D:10:     uniq_snorg, uniq_fannar
D:11:     uniq_gastronok, uniq_grum
D:12:     hiddenorc1_lemuel
D:13:     serial_shops, shop, uniq_nessos, uniq_josephine
D:14:     due_megacathedral, grunt_vaults_entry_tiered, chequers_big_river,
          enter_bailey_3, serial_corexii_hall, corexii_hall_statues_l,
          corexii_hall_statues_x, uniq_urug
D:15:     hangedman_depths_entry_try_elsewhere_first, serial_shops, shop,
          minivault_1, uniq_azrael, uniq_rupert
Temple:   minmay_crystal_snake_temple
Lair:1:   portal_ice_cave_entry_ice_beasts, grunt_megastairs_2
Lair:2:   basic_altar, grunt_megastairs_1, lemuel_fruit_tree
Lair:3:   regret_index_combs_of_tragedy, nicolae_swamp_entry_splash_gauntlet
Lair:4:   dummy_snake_entry, special_room, lab_entry_generic
Lair:5:   slime_altar_1, beast_lair_carwin_1
Lair:6:   grunt_lair_end_beastmaster, minivault_23,
          nicolae_lair_grove_arrangements, serial_bayou_shore_a
Swamp:1:  evilmike_swamp_ruin_house_5, swamp_pool2, hangedman_swamp_blocks,
          infiniplex_staircase_pool
Swamp:2:  hangedman_swamp_cone, uniq_roxanne
Swamp:3:  evilmike_swamp_ruin_house_4, swamp_pool3, uniq_bai_suzhen
Swamp:4:  swamp_alternative
Orc:2:    st_orc_mages
Lab:      labyrinth_hidden_loot

Skill      XL: |  1  2  3  4  5  6  7  8  9 10 11 12 13 14 15 16 |
---------------+-------------------------------------------------+-----
Maces & Flails | 4 5 6 7 8 10 11 12 13 14 15 | 15.5
Fighting       | 4 5 6 8 9 10 12 13 14 15 | 15.0
Hexes          | 2 3 6 |  6.0
Summonings     | 1 2 3 6 9 11 12 | 12.0
Invocations    | 3 4 |  4.0
Shields        | 2 6 8 9 |  9.0
Dodging        | 4 6 |  6.0
Stealth        | 5 8 |  8.0
Ice Magic      | 4 |  4.0
Translocations | 2 |  2.6
Spellcasting   | 1 4 |  4.0

Action                   |  1- 3 |  4- 6 |  7- 9 | 10-12 | 13-15 | 16-18 || total
-------------------------+-------+-------+-------+-------+-------+-------++-------
Melee: Mace              |    89 |   141 |       |       |       |       ||   230
       Flail             |       |    82 |   376 |   744 |   915 |       ||  2117
       Hand axe          |       |       |    57 |       |       |       ||    57
       Headbutt          |       |       |     4 |   157 |   410 |   125 ||   696
       Great mace        |       |       |       |     7 |       |       ||     7
       Constrict         |       |       |       |       |   325 |    62 ||   387
       Quarterstaff      |       |       |       |       |    25 |       ||    25
       Eveningstar       |       |       |       |       |   631 |   452 ||  1083
Throw: Stone             |    14 |     1 |     1 |    17 |     2 |       ||    35
       Javelin           |       |       |       |       |     6 |       ||     6
 Cast: Confusing Touch   |       |       |       |     3 |     1 |       ||     4
       Call Canine Famil |       |       |       |    14 |    17 |       ||    31
       Summon Butterflie |       |       |       |     4 |     1 |       ||     5
       Summon Ice Beast  |       |       |       |       |     9 |     9 ||    18
Invok: Deal Four         |       |       |       |       |     1 |       ||     1
 Abil: Spit Poison       |     4 |    10 |    14 |    25 |    14 |     4 ||    71
Evoke: Deck              |       |       |    19 |    34 |    32 |     9 ||    94
       Lamp of fire      |       |       |       |     1 |     2 |       ||     3
       Wand              |       |       |       |     2 |    10 |     3 ||    15
  Use: Potion            |     1 |     5 |     7 |     9 |     6 |     2 ||    30
       Scroll            |       |     2 |     8 |    14 |     4 |     9 ||    37
 Stab: Sleeping          |     4 |       |     6 |     1 |    25 |     2 ||    38
       Distracted        |       |       |     4 |     3 |     6 |       ||    13
       Invisible         |       |       |       |     1 |       |       ||     1
       Petrified         |       |       |       |       |     7 |       ||     7
  Eat: Chunk             |     2 |     7 |    22 |    47 |    51 |     9 ||   138
       Royal jelly       |       |     1 |     1 |       |     2 |     4 ||     8
       Bread ration      |       |       |     1 |       |       |       ||     1
Armor: Leather armour    |     6 |       |   120 |   196 |   444 |   171 ||   937
       Robe              |     3 |       |       |       |       |       ||     3
       Ring mail         |    36 |    15 |       |       |       |       ||    51
       Scale mail        |       |    62 |    53 |       |       |       ||   115
       Skin              |       |     2 |       |    29 |       |       ||    31
Dodge: Dodged            |    62 |    71 |   135 |   326 |   765 |   178 ||  1537
Block: Buckler           |       |    36 |    56 |   112 |   310 |       ||   514
       Shield            |       |       |       |       |   448 |   362 ||   810
       Reflection        |       |       |       |       |    13 |       ||    13

Table legend:
 A = Spawn XP
 B = Non-spawn XP
 C = Spawn XP percentage of total XP
 D = Spawn monster count
 E = Non-spawn monster count
 F = Spawn count percentage of total count
 G = Total turns spent on level
                    A         B        C        D         E        F      G
               +---------+---------+-------+---------+---------+-------+---------
         Total |       0 |  169503 |   0.0 |       0 |     936 |   0.0 | 48749
               +---------+---------+-------+---------+---------+-------+---------
           D:1 |       0 |      40 |   0.0 |       0 |      19 |   0.0 |  1408
           D:2 |       0 |      96 |   0.0 |       0 |      29 |   0.0 |  1322
           D:3 |       0 |      45 |   0.0 |       0 |      17 |   0.0 |  1138
           D:4 |       0 |     487 |   0.0 |       0 |      20 |   0.0 |  1531
           D:5 |       0 |     869 |   0.0 |       0 |      22 |   0.0 |  1960
           D:6 |       0 |     402 |   0.0 |       0 |      24 |   0.0 |   848
           D:7 |       0 |     924 |   0.0 |       0 |      14 |   0.0 |  1112
           D:8 |       0 |     995 |   0.0 |       0 |      23 |   0.0 |  1117
           D:9 |       0 |     957 |   0.0 |       0 |       9 |   0.0 |   835
          D:10 |       0 |    4179 |   0.0 |       0 |      38 |   0.0 |  1117
          D:11 |       0 |    6351 |   0.0 |       0 |      28 |   0.0 |  1933
          D:12 |       0 |    5773 |   0.0 |       0 |      59 |   0.0 |  1679
          D:13 |       0 |    9592 |   0.0 |       0 |      31 |   0.0 |  2028
          D:14 |       0 |   25896 |   0.0 |       0 |     159 |   0.0 |  2680
          D:15 |       0 |   11362 |   0.0 |       0 |      21 |   0.0 |  1673
        Lair:1 |       0 |    4094 |   0.0 |       0 |      28 |   0.0 |  2539
        Lair:2 |       0 |    3458 |   0.0 |       0 |      20 |   0.0 |  2007
        Lair:3 |       0 |    7949 |   0.0 |       0 |      61 |   0.0 |  2561
        Lair:4 |       0 |    3432 |   0.0 |       0 |      37 |   0.0 |  2465
        Lair:5 |       0 |    3589 |   0.0 |       0 |      15 |   0.0 |  2885
        Lair:6 |       0 |   10993 |   0.0 |       0 |      40 |   0.0 |  2981
       Swamp:1 |       0 |   17181 |   0.0 |       0 |      45 |   0.0 |  1924
       Swamp:2 |       0 |   11721 |   0.0 |       0 |      34 |   0.0 |  1379
       Swamp:3 |       0 |   12385 |   0.0 |       0 |      33 |   0.0 |  2285
       Swamp:4 |       0 |   15172 |   0.0 |       0 |      35 |   0.0 |  1084
         Orc:1 |       0 |    3071 |   0.0 |       0 |      16 |   0.0 |  1574
         Orc:2 |       0 |    7924 |   0.0 |       0 |      58 |   0.0 |  2240
           Lab |       0 |     566 |   0.0 |       0 |       1 |   0.0 |   255
               +---------+---------+-------+---------+---------+-------+---------
